[ PARTIDA AOE2 · #506767856 ]
UnrankedEslavos vs Berbers
Equipo del jugador · VICT
Equipo rival · DERR
[ ANÁLISIS DE REPETICIÓN · EXTRAÍDO DE LA PARTIDA GRABADA ]
Feudal
11:48
Castillos
23:54
Imperial
35:16
| APM promedio | 61.1 |
| APM pico | 113 |
| eAPM promedio | 30.4 |
| Aldeanos / militares | 188 / 225 |
Foco
⚔️ 50.9% · 🌾 49.1%
Spearman ×149 · Scout Cavalry ×33 · Battering Ram ×20 · Boyar ×7 · Knight ×6 · Monk ×4
Feudal
9:35
Castillos
23:25
Imperial
35:27
| APM promedio | 45.5 |
| APM pico | 78 |
| eAPM promedio | 27.2 |
| Aldeanos / militares | 193 / 174 |
Foco
⚔️ 37.6% · 🌾 62.4%
Scout Cavalry ×74 · Camel Archer ×35 · Camel Scout ×30 · Spearman ×11 · Bombard Cannon ×9 · Archer ×6
Mapa de la partida
Recursos iniciales + cada clic de construcción. Líneas = muros · curvas = relieve. ◆ oro · ⬟ piedra · ● bayas · ✦ reliquia · ◌ hueco del cierre
Tu base· ✓ Cerrada en 23:54 · 61t muro · 1 puerta(s)
Base de chuoi· ✓ Cerrada en 23:25 · 59t muro · 1 puerta(s)
Terreno inicial suavizado · ◌ = hueco del cierre detectado · pasá el cursor para detalles
Inputs por minuto
— DGHIR | chanchilaru - - chuoi
Build order — DGHIR | chanchilaru
Primeras 150 de 564 acciones detectadas
| 0:00 | Crear | Villager (Male) |
| 0:00 | Crear | Villager (Male) |
| 0:01 | Crear | Villager (Male) |
| 0:01 | Crear | Villager (Male) |
| 0:02 | Construir | House |
| 0:04 | Construir | House |
| 1:24 | Crear | Villager (Male) |
| 1:24 | Crear | Villager (Male) |
| 2:03 | Crear | Villager (Male) |
| 2:03 | Crear | Villager (Male) |
| 2:20 | Crear | Villager (Male) |
| 2:20 | Crear | Villager (Male) |
| 2:31 | Construir | Barracks |
| 2:36 | Crear | Villager (Male) |
| 2:36 | Crear | Villager (Male) |
| 3:07 | Crear | Villager (Male) |
| 3:27 | Crear | Militia |
| 3:27 | Crear | Militia |
| 3:48 | Crear | Villager (Male) |
| 3:48 | Crear | Villager (Male) |
| 4:05 | Crear | Villager (Male) |
| 4:05 | Crear | Villager (Male) |
| 4:26 | Construir | House |
| 4:33 | Crear | Villager (Male) |
| 4:34 | Crear | Villager (Male) |
| 4:34 | Crear | Villager (Male) |
| 4:56 | Construir | Palisade Wall |
| 4:57 | Crear | Villager (Male) |
| 5:08 | Crear | Villager (Male) |
| 5:08 | Crear | Villager (Male) |
| 5:38 | Crear | Villager (Male) |
| 6:04 | Crear | Villager (Male) |
| 6:08 | Construir | Lumber Camp |
| 6:10 | Crear | Villager (Male) |
| 6:14 | Investigar | Loom |
| 6:15 | Crear | Villager (Male) |
| 6:16 | Crear | Villager (Male) |
| 6:26 | Construir | Palisade Wall |
| 6:28 | Crear | Villager (Male) |
| 6:46 | Crear | Villager (Male) |
| 6:53 | Construir | Palisade Wall |
| 6:55 | Construir | Palisade Wall |
| 6:56 | Construir | Palisade Wall |
| 7:22 | Construir | Mill |
| 7:42 | Construir | Palisade Wall |
| 7:50 | Construir | House |
| 8:09 | Crear | Villager (Male) |
| 8:35 | Crear | Villager (Male) |
| 8:40 | Construir | Palisade Wall |
| 8:46 | Construir | Palisade Wall |
| 8:50 | Crear | Villager (Male) |
| 8:52 | Construir | Farm |
| 8:53 | Crear | Villager (Male) |
| 9:17 | Construir | House |
| 9:25 | Construir | Palisade Wall |
| 9:38 | Investigar | Feudal Age |
| 9:38 | Investigar | Feudal Age |
| 9:42 | Construir | Palisade Wall |
| 9:48 | Construir | Palisade Wall |
| 10:21 | Construir | Lumber Camp |
| 10:24 | Construir | House |
| 10:38 | Crear | Villager (Male) |
| 11:02 | Construir | House |
| 11:17 | Construir | Mining Camp |
| 11:48 | Edad | Edad Feudal |
| 11:54 | Crear | Villager (Male) |
| 11:58 | Crear | Villager (Male) |
| 11:59 | Investigar | Double-Bit Axe |
| 12:00 | Investigar | Horse Collar |
| 12:00 | Investigar | Horse Collar |
| 12:08 | Construir | Stable |
| 12:22 | Crear | Villager (Male) |
| 12:35 | Construir | Farm |
| 12:39 | Construir | Farm |
| 12:43 | Crear | Spearman |
| 13:06 | Construir | Farm |
| 13:10 | Crear | Scout Cavalry |
| 13:12 | Construir | Farm |
| 13:13 | Crear | Villager (Male) |
| 13:28 | Crear | Scout Cavalry |
| 13:29 | Crear | Villager (Male) |
| 13:30 | Construir | Farm |
| 13:37 | Construir | Farm |
| 13:41 | Construir | Farm |
| 13:42 | Crear | Scout Cavalry |
| 13:52 | Construir | Palisade Gate |
| 14:01 | Crear | Scout Cavalry |
| 14:09 | Construir | Farm |
| 14:12 | Construir | Farm |
| 14:18 | Crear | Villager (Male) |
| 14:21 | Construir | Farm |
| 14:38 | Crear | Villager (Male) |
| 14:44 | Construir | Farm |
| 14:48 | Construir | Farm |
| 14:55 | Crear | Scout Cavalry |
| 15:14 | Construir | Farm |
| 15:15 | Crear | Villager (Male) |
| 15:15 | Crear | Villager (Male) |
| 15:15 | Crear | Villager (Male) |
| 15:29 | Crear | Villager (Male) |
| 15:32 | Crear | Scout Cavalry |
| 15:40 | Construir | Blacksmith |
| 15:54 | Construir | Farm |
| 16:04 | Crear | Villager (Male) |
| 16:13 | Investigar | Bloodlines |
| 16:36 | Construir | House |
| 16:38 | Construir | House |
| 16:39 | Construir | House |
| 16:40 | Crear | Scout Cavalry |
| 16:56 | Investigar | Scale Barding Armor |
| 16:56 | Investigar | Scale Barding Armor |
| 16:59 | Construir | Farm |
| 16:59 | Construir | Farm |
| 17:21 | Crear | Scout Cavalry |
| 17:30 | Crear | Scout Cavalry |
| 17:35 | Crear | Scout Cavalry |
| 17:36 | Crear | Scout Cavalry |
| 17:39 | Construir | Farm |
| 17:40 | Construir | Farm |
| 17:52 | Crear | Scout Cavalry |
| 17:53 | Crear | Scout Cavalry |
| 18:15 | Crear | Scout Cavalry |
| 18:16 | Crear | Villager (Male) |
| 18:16 | Crear | Villager (Male) |
| 18:18 | Crear | Villager (Male) |
| 18:19 | Crear | Villager (Male) |
| 18:30 | Crear | Villager (Male) |
| 18:39 | Crear | Villager (Male) |
| 18:49 | Construir | Farm |
| 18:50 | Construir | Farm |
| 18:53 | Construir | Farm |
| 18:54 | Crear | Villager (Male) |
| 19:00 | Investigar | Wheelbarrow |
| 19:07 | Construir | Palisade Wall |
| 19:14 | Investigar | Forging |
| 19:17 | Crear | Scout Cavalry |
| 19:37 | Crear | Scout Cavalry |
| 19:47 | Crear | Villager (Male) |
| 19:53 | Crear | Villager (Male) |
| 19:55 | Construir | Farm |
| 20:30 | Construir | Market |
| 21:14 | Investigar | Castle Age |
| 21:19 | Construir | Stable |
| 21:30 | Construir | Farm |
| 21:32 | Crear | Scout Cavalry |
| 21:56 | Crear | Scout Cavalry |
| 21:56 | Crear | Scout Cavalry |
| 22:09 | Crear | Scout Cavalry |
| 22:27 | Crear | Scout Cavalry |
| 22:27 | Crear | Scout Cavalry |
Build order — chuoi
Primeras 150 de 614 acciones detectadas
| 0:01 | Crear | Villager (Male) |
| 0:02 | Construir | House |
| 0:05 | Construir | House |
| 0:14 | Crear | Villager (Male) |
| 0:14 | Crear | Villager (Male) |
| 0:17 | Crear | Villager (Male) |
| 0:18 | Crear | Villager (Male) |
| 1:29 | Crear | Villager (Male) |
| 1:29 | Crear | Villager (Male) |
| 1:29 | Crear | Villager (Male) |
| 2:01 | Crear | Villager (Male) |
| 2:01 | Crear | Villager (Male) |
| 2:09 | Construir | Lumber Camp |
| 2:19 | Crear | Villager (Male) |
| 2:45 | Crear | Villager (Male) |
| 2:45 | Crear | Villager (Male) |
| 2:59 | Crear | Villager (Male) |
| 2:59 | Crear | Villager (Male) |
| 3:34 | Crear | Villager (Male) |
| 3:34 | Crear | Villager (Male) |
| 3:50 | Construir | House |
| 4:02 | Crear | Villager (Male) |
| 4:02 | Crear | Villager (Male) |
| 4:16 | Construir | Palisade Wall |
| 4:18 | Crear | Villager (Male) |
| 4:32 | Construir | Palisade Wall |
| 4:40 | Crear | Villager (Male) |
| 4:40 | Crear | Villager (Male) |
| 4:44 | Construir | Mill |
| 5:14 | Crear | Villager (Male) |
| 5:28 | Construir | House |
| 5:39 | Crear | Villager (Male) |
| 5:53 | Construir | Palisade Wall |
| 6:01 | Construir | Palisade Wall |
| 6:06 | Crear | Villager (Male) |
| 6:13 | Investigar | Loom |
| 6:48 | Construir | Palisade Wall |
| 7:25 | Investigar | Feudal Age |
| 7:26 | Investigar | Feudal Age |
| 8:09 | Construir | Barracks |
| 8:15 | Crear | Villager (Male) |
| 8:56 | Construir | House |
| 8:59 | Crear | Villager (Male) |
| 9:18 | Crear | Villager (Male) |
| 9:35 | Edad | Edad Feudal |
| 9:38 | Construir | Stable |
| 9:40 | Investigar | Double-Bit Axe |
| 9:40 | Investigar | Double-Bit Axe |
| 9:46 | Crear | Villager (Male) |
| 10:11 | Construir | Mill |
| 10:21 | Crear | Scout Cavalry |
| 10:28 | Crear | Scout Cavalry |
| 10:28 | Crear | Scout Cavalry |
| 10:36 | Crear | Villager (Male) |
| 10:42 | Construir | Mill |
| 11:07 | Construir | Farm |
| 11:18 | Crear | Villager (Male) |
| 11:31 | Construir | House |
| 11:32 | Construir | House |
| 11:48 | Crear | Villager (Male) |
| 11:49 | Crear | Villager (Male) |
| 11:58 | Crear | Scout Cavalry |
| 12:07 | Construir | House |
| 12:08 | Crear | Villager (Male) |
| 12:12 | Construir | Farm |
| 12:13 | Construir | Farm |
| 12:22 | Crear | Villager (Male) |
| 12:25 | Construir | Lumber Camp |
| 12:41 | Construir | Farm |
| 12:44 | Crear | Scout Cavalry |
| 12:48 | Construir | Palisade Wall |
| 12:57 | Crear | Villager (Male) |
| 13:00 | Construir | Farm |
| 13:15 | Crear | Villager (Male) |
| 13:38 | Crear | Villager (Male) |
| 13:41 | Construir | Archery Range |
| 13:51 | Investigar | Horse Collar |
| 13:51 | Investigar | Horse Collar |
| 14:08 | Construir | House |
| 14:14 | Crear | Villager (Male) |
| 14:15 | Crear | Scout Cavalry |
| 14:23 | Construir | Mining Camp |
| 14:26 | Construir | Mining Camp |
| 14:29 | Crear | Archer |
| 14:36 | Crear | Skirmisher |
| 14:37 | Crear | Villager (Male) |
| 14:42 | Construir | House |
| 14:43 | Construir | Palisade Wall |
| 14:52 | Crear | Villager (Male) |
| 14:54 | Construir | Farm |
| 15:09 | Crear | Villager (Male) |
| 15:13 | Construir | Farm |
| 15:20 | Crear | Villager (Male) |
| 15:21 | Construir | Farm |
| 15:28 | Crear | Archer |
| 15:45 | Crear | Spearman |
| 15:50 | Crear | Villager (Male) |
| 15:55 | Construir | Palisade Wall |
| 15:59 | Crear | Spearman |
| 16:02 | Construir | House |
| 16:05 | Crear | Archer |
| 16:06 | Crear | Villager (Male) |
| 16:08 | Construir | Farm |
| 16:09 | Construir | Farm |
| 16:23 | Crear | Villager (Male) |
| 16:51 | Construir | Farm |
| 16:52 | Construir | Farm |
| 16:59 | Crear | Archer |
| 17:08 | Crear | Villager (Male) |
| 17:20 | Crear | Villager (Male) |
| 17:21 | Crear | Spearman |
| 17:33 | Construir | Palisade Wall |
| 17:35 | Construir | Palisade Wall |
| 17:40 | Crear | Villager (Male) |
| 17:42 | Construir | Blacksmith |
| 17:55 | Crear | Villager (Male) |
| 18:00 | Construir | Farm |
| 18:01 | Construir | Farm |
| 18:07 | Crear | Villager (Male) |
| 18:09 | Crear | Archer |
| 18:19 | Investigar | Fletching |
| 18:19 | Investigar | Fletching |
| 18:21 | Crear | Scout Cavalry |
| 18:21 | Crear | Scout Cavalry |
| 18:29 | Crear | Villager (Male) |
| 18:41 | Construir | Farm |
| 18:42 | Construir | Farm |
| 18:44 | Construir | Farm |
| 18:45 | Crear | Villager (Male) |
| 18:48 | Crear | Spearman |
| 19:04 | Construir | House |
| 19:08 | Construir | Palisade Wall |
| 19:09 | Crear | Spearman |
| 19:11 | Crear | Archer |
| 19:17 | Construir | Lumber Camp |
| 19:27 | Crear | Villager (Male) |
| 19:40 | Crear | Spearman |
| 19:46 | Crear | Villager (Male) |
| 19:56 | Construir | Palisade Wall |
| 20:06 | Construir | Farm |
| 20:07 | Construir | Farm |
| 20:08 | Construir | Farm |
| 20:23 | Construir | Palisade Gate |
| 20:25 | Construir | Palisade Wall |
| 20:28 | Construir | Farm |
| 20:38 | Construir | Farm |
| 20:45 | Investigar | Castle Age |
| 20:45 | Investigar | Castle Age |
| 21:13 | Construir | House |
| 21:17 | Crear | Spearman |
Cronología de la partida
| 2:31 | DGHIR | chanchilaru · first_building Barracks |
| 4:16 | chuoi · wall_segment Palisade Wall x5 |
| 4:32 | chuoi · wall_segment Palisade Wall x10 |
| 4:56 | DGHIR | chanchilaru · wall_segment Palisade Wall x10 |
| 5:53 | chuoi · wall_segment Palisade Wall x4 |
| 6:01 | chuoi · wall_segment Palisade Wall x6 |
| 6:26 | DGHIR | chanchilaru · wall_segment Palisade Wall x6 |
| 6:48 | chuoi · wall_segment Palisade Wall x1 |
| 6:53 | DGHIR | chanchilaru · wall_segment Palisade Wall x6 |
| 6:55 | DGHIR | chanchilaru · wall_segment Palisade Wall x2 |
| 6:56 | DGHIR | chanchilaru · wall_segment Palisade Wall x7 |
| 7:42 | DGHIR | chanchilaru · wall_segment Palisade Wall x9 |
| 8:09 | chuoi · first_building Barracks |
| 8:40 | DGHIR | chanchilaru · wall_segment Palisade Wall x13 |
| 8:46 | DGHIR | chanchilaru · wall_segment Palisade Wall x7 |
| 9:25 | DGHIR | chanchilaru · wall_segment Palisade Wall x1 |
| 9:35 | chuoi · age_up feudal |
| 9:38 | chuoi · first_building Stable |
| 9:42 | DGHIR | chanchilaru · wall_segment Palisade Wall x1 |
| 9:48 | DGHIR | chanchilaru · wall_segment Palisade Wall x1 |
| 11:48 | DGHIR | chanchilaru · age_up feudal |
| 12:08 | DGHIR | chanchilaru · first_building Stable |
| 12:48 | chuoi · wall_segment Palisade Wall x10 |
| 13:41 | chuoi · first_building Archery Range |
| 14:43 | chuoi · wall_segment Palisade Wall x5 |
| 15:55 | chuoi · wall_segment Palisade Wall x1 |
| 17:33 | chuoi · wall_segment Palisade Wall x1 |
| 17:35 | chuoi · wall_segment Palisade Wall x1 |
| 19:07 | DGHIR | chanchilaru · wall_segment Palisade Wall x1 |
| 19:08 | chuoi · wall_segment Palisade Wall x8 |
| 19:56 | chuoi · wall_segment Palisade Wall x1 |
| 20:25 | chuoi · wall_segment Palisade Wall x6 |
| 23:25 | chuoi · age_up castle |
| 23:54 | DGHIR | chanchilaru · age_up castle |
| 24:23 | chuoi · first_building Monastery |
| 25:17 | DGHIR | chanchilaru · first_building Monastery |
| 25:35 | chuoi · wall_segment Palisade Wall x1 |
| 25:52 | DGHIR | chanchilaru · first_market_buy 100 stone |
| 29:38 | chuoi · first_building Siege Workshop |
| 30:17 | chuoi · wall_segment Stone Wall x1 |
| 30:24 | chuoi · wall_segment Stone Wall x1 |
| 33:18 | chuoi · first_building Castle |
| 33:50 | DGHIR | chanchilaru · first_building Castle |
| 35:16 | DGHIR | chanchilaru · age_up imperial |
| 35:27 | chuoi · age_up imperial |
| 35:50 | DGHIR | chanchilaru · first_building Siege Workshop |
| 35:54 | chuoi · first_market_sell 100 food |
| 39:11 | DGHIR | chanchilaru · wall_segment Stone Wall x1 |
| 46:22 | chuoi · resign |
[ ANÁLISIS IA · 1 CRÉDITO ]
¿Qué pasó realmente en esta partida?
Wolo.gg analiza cada decisión: build order, eco, micro, errores típicos por bracket. Análisis personalizado por WhatsApp o Discord en 30 segundos.
Guía civ
Eslavos
Perfil
Chanchilaru